 Dungeon Crawl Stone Soup version 0.16-b1-44-g6e95238 (webtiles) character file.

207 rgaf the Stinger (level 5, -6/40 HPs)
             Began as a Demonspawn Venom Mage on Mar 9, 2015.
             Mangled by an ogre
             ... wielding a +0 giant spiked club
              (28 damage)
             ... on level 3 of the Dungeon.
             The game lasted 00:10:20 (3848 turns).

rgaf the Stinger (Demonspawn Venom Mage)            Turns: 3848, Time: 00:10:20

Health: -6/40      AC:  5    Str:  9    XL:     5   Next: 54%
Magic:  11/11      EV: 10    Int: 17    God:
Gold:   100        SH:  0    Dex: 13    Spells: 1 memorised, 10 levels left

rFire  . . .     SeeInvis .     i - +0 trident
rCold  . . .     Clarity  .     g - +0 ring mail
rNeg   . . .     SustAb   .     (no shield)
rPois  .         Gourm    .     (helmet restricted)
rElec  .         Spirit   .     (no cloak)
rCorr  .         Warding  .     (no gloves)
rMut   .         Stasis   .     (no boots)
MR     .....                    (no amulet)
Stlth  +.........               (no ring)
                                (no ring)

@: not resistant to hostile enchantments, very unstealthy
A: hooves 1, horns 1, powered by death 1
a: no special abilities


You were on level 3 of the Dungeon.
You were not hungry.

You visited 1 branch of the dungeon, and saw 4 of its levels.

You collected 100 gold pieces.

Inventory:

Hand weapons
 d - a +0 dagger
 i - a +0 trident (weapon)
 k - a +0 whip
 n - a +0 spear
Armour
 a - a +0 robe
 g - a +0 ring mail (worn)
Jewellery
 s - an uncursed amulet of faith {unknown}
Scrolls
 e - a scroll of enchant armour {unknown}
 f - a scroll of identify {unknown}
 m - a scroll of fear {unknown}
 o - 2 scrolls of remove curse {unknown}
 q - a scroll of noise {unknown}
 r - a scroll of immolation {unknown}
 t - a scroll of teleportation
Potions
 h - a potion of poison {unknown}
 j - a potion of restore abilities {unknown}
 l - a potion of curing {unknown}
 p - a potion of brilliance {unknown}
Books
 b - a Young Poisoner's Handbook

   Spells                             Type                      Level
   a - Sting                          Conjuration/Poison           1
   b - Cure Poison                    Poison                       2
   c - Mephitic Cloud                 Conjuration/Poison/Air       3
   d - Olgreb's Toxic Radiance        Poison                       4
   e - Venom Bolt                     Conjuration/Poison           5
Comestibles
 c - 2 bread rations


   Skills:
 + Level 2.9 Fighting
 + Level 2.4 Armour
 - Level 1.7 Dodging
 - Level 1.7 Stealth
 + Level 3.6 Spellcasting
 - Level 4.0 Poison Magic


You had 10 spell levels left.
You knew the following spells:

 Your Spells              Type           Power        Failure   Level  Hunger
a - Sting                 Conj/Pois      #...         24%         1    None


Dungeon Overview and Level Annotations

Branches:
Dungeon (4/15)
 Temple: D:4-7

Altars:
Makhleb
Nemelex Xobeh


Innate Abilities, Weirdness & Mutations

You have large cloven feet.
You have a pair of small horns on your head.
You can steal the life force of nearby defeated enemies.


Message History

Confirm with . or Enter, or press ? or * to list all spells.
Aiming: Sting
Press: ? - help, Shift-Dir - straight line, f/p - ogre
Aim: an ogre, wielding a giant spiked club (heavily wounded)
You miscast Sting.
Nothing appears to happen.
You see here a hand axe.
Your magical contamination has completely faded away.
You see here a poisoned tomahawk.
The ogre barely misses you.
Casting: Sting
Confirm with . or Enter, or press ? or * to list all spells.
Aiming: Sting
Press: ? - help, Shift-Dir - straight line, f/p - ogre
Aim: an ogre, wielding a giant spiked club (heavily wounded)
The sting hits the ogre.
The ogre is poisoned.
The ogre is heavily wounded.
The ogre looks more healthy.
The ogre hits you with a giant spiked club!!
Ouch! That really hurt!
You die...

...............#.###.#
##########(#####..#..#
...# #.######...##
...# #####...........#
...# #......)........#
##.# #.###.######..#.#
#.# #.# #[# #...#.#
#.# #.# #.# #O#.#.#
##.###.# #.# #@#.#.#
.......###.## #.#.#.#
..........<.####.#.#.#
.##)#.>..............#
............####.#####
.#...............#
.#.##.......#.####
).............#
.#.#...#......#


You could see an ogre.

Vanquished Creatures
  The ghost of rgaf the Stinger, an average DsVM (D:3)
  3 adders
  3 gnolls (D:2)
  A giant gecko (D:2)
  8 orcs (D:3)
  A ball python (D:1)
  7 hobgoblins
  3 jackals (D:2)
  7 kobolds
  2 oozes (D:1)
  6 bats
  2 giant cockroaches (D:3)
  A giant newt (D:1)
  11 goblins
  4 rats
60 creatures vanquished.

Notes
Turn   | Place    | Note
--------------------------------------------------------------
     0 | D:1      | rgaf, the Demonspawn Venom Mage, began the quest for the Orb.
     0 | D:1      | Reached XP level 1. HP: 13/13 MP: 3/3
   282 | D:1      | Reached skill level 1 in Fighting
   639 | D:1      | Gained mutation: You can steal the life force of nearby defeated enemies. [demonic ancestry]
   639 | D:1      | Reached XP level 2. HP: 8/21 MP: 1/4
  1333 | D:2      | Reached XP level 3. HP: 21/26 MP: 2/6
  1390 | D:2      | Reached skill level 1 in Armour
  2026 | D:2      | Gained mutation: You have large cloven feet. [demonic ancestry]
  2026 | D:2      | Reached XP level 4. HP: 28/33 MP: 4/8
  2747 | D:3      | Noticed rgaf's ghost (average DsVM)
  2810 | D:3      | Found a burning altar of Makhleb.
  3366 | D:3      | Found a sparkling altar of Nemelex Xobeh.
  3431 | D:3      | Killed rgaf's ghost
  3431 | D:3      | Gained mutation: You have a pair of small horns on your head. [demonic ancestry]
  3431 | D:3      | Reached XP level 5. HP: 17/40 MP: 9/11
  3764 | D:4      | Noticed an ogre
  3848 | D:3      | Mangled by an ogre

Action                   |  1- 3 |  4- 6 || total
-------------------------+-------+-------++-------
Melee: Dagger            |    64 |       ||    64
       Unarmed           |     4 |       ||     4
       Spear             |     8 |    30 ||    38
       Whip              |       |    64 ||    64
       Trident           |       |    25 ||    25
 Cast: Sting             |    51 |    22 ||    73
  Use: Scroll            |       |     5 ||     5
       Potion            |       |     3 ||     3
  Eat: Chunk             |     3 |     3 ||     6
       Pizza             |       |     1 ||     1
       Bread ration      |       |     1 ||     1
